 Dungeon Crawl Stone Soup version 0.26-a0-505-g732bf3b8d2 (webtiles) character file.

Game seed: 2790037372583446513

28704 Soier the Protected (level 13, -9/122 HPs)
             Began as a Minotaur Fighter on Aug 9, 2020.
             Was a High Priest of Okawaru.
             Mangled by Gassoqo's ghost (24 damage)
             ... on level 5 of the Lair of Beasts.
             The game lasted 00:34:50 (17003 turns).

Soier the Protected (Minotaur Fighter)             Turns: 17003, Time: 00:34:51

Health: -9/122     AC: 27    Str: 22    XL:     13   Next: 11%
Magic:  6/12       EV:  9    Int:  5    God:    Okawaru [*****.]
Gold:   4275       SH: 14    Dex: 11    Spells: 12/12 levels left

rFire    . . .     SeeInvis +   S - +4 spear of Karma {protect, rC+ MR+}
rCold    + . .     Faith    .   L - +1 kite shield {AC+3}
rNeg     . . .     Spirit   .   G - +0 scale mail {MR+}
rPois    +         Reflect  .   X - +2 hat
rElec    .         Harm     .   J - +1 cloak {rCorr}
rCorr    +         Rnd*Tele +   i - +0 pair of gloves
MR       ++...                  B - +0 pair of boots
Stlth    ..........             C - amulet of the acrobat
HPRegen  0.30/turn              t - ring "Reuteovo" {*Tele Str-3 Slay+2 SInv}
MPRegen  0.13/turn              U - ring of poison resistance

@: protection aura, lightly drained
A: retaliatory headbutt, horns 2
a: Heroism, Finesse, Renounce Religion


You were on level 5 of the Lair of Beasts.
You worshipped Okawaru.
Okawaru was extremely pleased with you.
You visited 3 branches of the dungeon, and saw 15 of its levels.
You also visited: Ossuary and Bailey.

You collected 4275 gold pieces.

Inventory:

Hand Weapons
 u - the +5 flail of Terra Nullius {freeze, rElec rC- rN++ SInv}
   (You found it on level 4 of the Dungeon)

   It has been specially enchanted to freeze those struck by it, causing extra
   injury to most foes and up to half again as much damage against particularly
   susceptible opponents.
   It can also slow down cold-blooded creatures.
   It makes you vulnerable to cold.
   It insulates you from electricity.
   It greatly protects you from negative energy.
   It lets you see invisible.
 S - the +4 spear of Karma (weapon) {protect, rC+ MR+}
   (You found it on level 8 of the Dungeon)

   It grants its wielder temporary protection when it strikes (+7 to AC).
   It protects you from cold.
   It affects your resistance to hostile enchantments.
Missiles
 h - 2 curare-tipped darts (quivered)
 m - a throwing net
Armour
 i - a +0 pair of gloves (worn)
 B - a +0 pair of boots (worn)
 G - a +0 scale mail of magic resistance (worn)
 J - a +1 cloak of preservation (worn)
 L - a +1 kite shield of protection (worn)
 X - a +2 hat (worn)
Jewellery
 t - the ring "Reuteovo" (left hand) {*Tele Str-3 Slay+2 SInv}
   (You found it on level 4 of the Dungeon)

   [ring of teleportation]

   It may teleport you next to monsters.
   It affects your strength (-3).
   It affects your accuracy and damage with ranged weapons and melee attacks
   (+2).
   It lets you see invisible.
 C - an amulet of the acrobat (around neck)
 F - an uncursed amulet of magic regeneration
 I - a +4 ring of protection
 N - an uncursed ring of magical power
 O - an uncursed ring of protection from magic
 P - an uncursed ring of resist corrosion
 T - an uncursed ring of flight
 U - a ring of poison resistance (right hand)
 V - a +6 ring of intelligence
Wands
 o - a wand of acid (29)
 r - a wand of polymorph (6)
 y - a wand of disintegration (21)
 H - a wand of iceblast (8)
 Z - a wand of paralysis (9)
Scrolls
 e - 5 scrolls of identify
 f - 3 scrolls of magic mapping
 g - 6 scrolls of teleportation
 n - 9 scrolls of remove curse
 s - 7 scrolls of enchant weapon
 v - 2 scrolls of amnesia
 z - 5 scrolls of immolation
 D - 5 scrolls of enchant armour
 E - 6 scrolls of fog
Potions
 a - a potion of magic {unknown}
 b - 2 potions of cancellation {unknown}
 d - 5 potions of might
 j - 2 potions of haste
 k - 9 potions of curing
 l - a potion of mutation
 p - 6 potions of stabbing
 w - 3 potions of invisibility
 A - 3 potions of heal wounds
 K - a potion of resistance
 R - a potion of flight
 W - 2 potions of brilliance
 Y - 3 potions of lignification
Miscellaneous
 x - a phial of floods


   Skills:
 + Level 13.5(13.0) Fighting
 + Level 13.2(12.7) Polearms
 + Level 13.5(13.0) Armour
 + Level 13.5(12.9) Shields


You had 12 spell levels left.
You didn't know any spells.
Your spell library contained the following spells:

 Spells                   Type           Power        Failure   Level
 Corpse Rot               Necr/Air       N/A          91%         2
 Stone Arrow              Conj/Erth      #.....       99%         3
 Summon Forest            Summ/Tloc      #.........   100%        5
 Eringya's Noxious Bog    Tmut/Pois      #.........   100%        6
 Hydra Form               Tmut           #.........   100%        6
 Summon Hydra             Summ           #.........   100%        7


Dungeon Overview and Level Annotations

Branches:
Dungeon (9/15)             Temple (1/1) D:6            Lair (5/6) D:8
 Shoals (0/4) Lair:3       Spider (0/4) Lair:4      Ossuary (visited)
 Bailey (visited)
  Slime: Lair:5-6       Orc: D:9-12

Altars:
Ashenzari
Cheibriados
Dithmenos
Elyvilon
Fedhas
Gozag
Hepliaklqana
Kikubaaqudgha
Makhleb
Nemelex Xobeh
Okawaru
Qazlal
Ru
Sif Muna
Trog
Uskayaw
Vehumet
Wu Jian
Xom
Yredelemnul
Zin
The Shining One

Shops:
D:7 =

Annotations:
Lair:5 Gassoqo's ghost, journeyman GrGl


Innate Abilities, Weirdness & Mutations

You reflexively headbutt those who attack you in melee.
You have a pair of horns on your head.


Message History

You feel like a meek peon again.
You feel much better.
Your hands slow down.
You block the eight-headed hydra simulacrum's attack.
The eight-headed hydra simulacrum bites you but does no damage.
The eight-headed hydra simulacrum barely misses you.
The eight-headed hydra simulacrum bites you but does no damage.
You block the eight-headed hydra simulacrum's attack.
The eight-headed hydra simulacrum bites you.
The eight-headed hydra simulacrum freezes you!
You resist.
* * * LOW HITPOINT WARNING * * *
The eight-headed hydra simulacrum bites you.
* * * LOW HITPOINT WARNING * * *
The eight-headed hydra simulacrum freezes you!
You resist.
* * * LOW HITPOINT WARNING * * *
The eight-headed hydra simulacrum bites you but does no damage.
Gassoqo's ghost hits you!!
You die...

.ZZ#...Z...#######...............
#..###'''### ##............#.
...Z.......# ##.+.#...PP####
........P.#### ###.###.#####
##...........## #....###(##.###
##+..P......#.# ##.P....##..##.#
..............####P...........P..
#............##W###..........P...
.............Z.#@................
.............#.Z.............P...
#.............##..P..............
#............######...........P..
#.#+......#...# #.............#..
###........#### ##...........####
##...#>..# ###..##PP.###
#####...## ###.....# ##P####..##
####..P.###


You could see Gassoqo's ghost and an eight-headed hydra simulacrum.

Vanquished Creatures
  Gastronok (Lair:1)
  A catoblepas (Lair:5)
  Fannar (Lair:2)
  2 hydras
  A two-headed ogre (D:9)
  The ghost of Gargoyl the Fighter, a novice GnAK of Lugonu (D:9)
  Urug (Lair:4)
  An orc high priest (Bailey)
  A spectral hydra (Lair:5)
  An orc knight (Bailey)
  A manticore (Lair:5)
  A black mamba (Lair:5)
  6 cane toads
  Maggie (D:7)
  6 rime drakes
  A kobold demonologist (Bailey)
  A komodo dragon (Lair:2)
  A troll (D:9)
  6 blink frogs
  15 hippogriffs
  9 wyverns
  3 yaks (Lair:3)
  A spectral komodo dragon (Lair:5)
  Eustachio (D:5)
  12 basilisks
  A steam dragon (Lair:3)
  6 water moccasins
  7 porcupines
  A sky beast (D:5)
  15 orc warriors
  2 ice beasts
  A black bear (Lair:3)
  9 wolves (Lair:2)
  8 ogres
  6 centaurs
  7 crocodiles
  A wyvern zombie (D:7)
  11 bullfrogs
  5 scorpions
  4 killer bees (D:7)
  5 electric eels
  6 wights
  2 howler monkeys (D:8)
  A quasit (D:8)
  4 jellies
  Crazy Yiuf (D:5)
  5 hounds
  5 orc priests
  2 bullfrog skeletons
  Jessica (D:3)
  An iguana (D:7)
  6 orc wizards
  Natasha (thrice) (D:2)
  6 worker ants
  A hound zombie (D:6)
  13 mummies
  8 gnolls
  10 adders
  2 shadow imps
  11 oozes
  8 worms
  3 adder skeletons
  A dart slug (D:1)
  5 leopard geckos
  33 orcs
  10 bats
  6 giant cockroaches
  18 goblins
  16 hobgoblins
  14 jackals
  19 kobolds
  4 quokkas
  3 ball pythons
  9 frilled lizards
  2 gnoll skeletons (Ossuary)
  A goblin skeleton (Ossuary)
  A goblin zombie (D:6)
  2 kobold skeletons (Ossuary)
  2 leopard gecko skeletons
  3 orc skeletons (Ossuary)
  An orc zombie (D:6)
  9 rats
  11 rat skeletons (Ossuary)
434 creatures vanquished.

Vanquished Creatures (others)
  A bush (Lair:5)
  10 fungi
  2 plants (Lair:5)
  13 toadstools (D:4)
26 creatures vanquished.

Grand Total: 460 creatures vanquished

Notes
Turn   | Place    | Note
-------+----------+-------------------------------------------
     0 | D:1      | Soier the Minotaur Fighter began the quest for the Orb.
     0 | D:1      | Reached XP level 1. HP: 19/19 MP: 0/0
    42 | D:1      | Reached XP level 2. HP: 24/27 MP: 1/1
   303 | D:1      | Reached XP level 3. HP: 33/33 MP: 2/2
   730 | D:2      | Noticed Natasha
   738 | D:2      | Killed Natasha
   738 | D:2      | Reached XP level 4. HP: 39/40 MP: 3/3
   810 | D:2      | Noticed Natasha
   818 | D:2      | Killed Natasha
   854 | D:2      | Noticed Natasha
   864 | D:2      | Killed Natasha
  1017 | D:2      | Found a bloodstained altar of Trog.
  1035 | D:2      | Reached XP level 5. HP: 47/47 MP: 4/4
  1085 | D:2      | Found a burning altar of Makhleb.
  2321 | D:3      | Noticed Jessica
  2341 | D:3      | Killed Jessica
  2341 | D:3      | Reached skill level 5 in Armour
  2500 | D:3      | Found a glowing golden altar of the Shining One.
  2772 | D:4      | Noticed an ogre
  3075 | D:4      | Reached skill level 5 in Fighting
  3075 | D:4      | Reached skill level 5 in Shields
  3080 | D:4      | Reached XP level 6. HP: 43/56 MP: 5/5
  3348 | D:4      | Got a flickering granite ring
  3379 | D:4      | Got a buzzing flail
  3380 | D:4      | Identified the +5 flail of Terra Nullius {freeze, rElec rC-
                  | rN++ SInv} (You found it on level 4 of the Dungeon)
  3530 | D:4      | Found a blossoming altar of Fedhas.
  3704 | D:4      | Reached skill level 5 in Polearms
  3704 | D:4      | Reached XP level 7. HP: 52/61 MP: 6/6
  4018 | D:5      | Entered Level 5 of the Dungeon
  4018 | D:5      | Noticed Eustachio
  4032 | D:5      | Killed Eustachio
  4323 | D:5      | Identified the ring "Reuteovo" {*Tele Str-3 Slay+2 SInv}
                  | (You found it on level 4 of the Dungeon)
  4341 | D:5      | Found a shadowy altar of Dithmenos.
  4829 | D:5      | Reached XP level 8. HP: 71/71 MP: 7/7
  5143 | D:5      | Found a glowing silver altar of Zin.
  5227 | D:5      | Found a runed translucent door.
  5228 | D:5      | Noticed Crazy Yiuf
  5362 | D:5      | Killed Crazy Yiuf
  5472 | D:6      | Found a sand-covered staircase.
  5477 | Ossuary  | Entered an ossuary
  6022 | D:6      | Found a staircase to the Ecumenical Temple.
  6038 | Temple   | Entered the Ecumenical Temple
  6204 | D:6      | Noticed a hippogriff
  6208 | D:6      | Killed a hippogriff
  6273 | D:6      | Found a shimmering altar of Xom.
  6744 | D:7      | Reached XP level 9. HP: 81/81 MP: 8/8
  6945 | D:7      | Noticed Maggie
  6958 | D:7      | Killed Maggie
  6975 | D:7      | Found a radiant altar of Vehumet.
  7172 | D:7      | Found Liuttua's Jewellery Emporium.
  8035 | D:8      | Reached XP level 10. HP: 84/91 MP: 9/9
  8209 | D:8      | Found a stormy altar of Qazlal.
  8460 | D:8      | Found a staircase to the Lair.
  8594 | D:8      | Got a polished spear
  8595 | D:8      | Identified the +4 spear of Karma {protect, rC+ MR+} (You
                  | found it on level 8 of the Dungeon)
  8910 | D:9      | Found a snail-covered altar of Cheibriados.
  8943 | D:9      | Found a shattered altar of Ashenzari.
  9044 | D:9      | Found a transporter.
  9045 | D:9      | Noticed Gargoyl's ghost (novice GnAK)
  9045 | D:9      | Identified the cursed +0 dire flail "Bad Ley" {distort,
                  | Int+4 Dex+3}
  9045 | D:9      | Noticed a two-headed ogre
  9047 | D:9      | Found a transporter.
  9058 | D:9      | Found a flagged portal.
  9072 | Bailey   | Entered a bailey
  9096 | Bailey   | Noticed an orc knight
  9107 | Bailey   | Killed an orc knight
  9107 | Bailey   | Reached skill level 10 in Armour
  9110 | Bailey   | Reached skill level 10 in Fighting
  9114 | Bailey   | Reached skill level 10 in Shields
  9279 | Bailey   | Noticed an orc high priest
  9280 | Bailey   | Found an iron altar of Okawaru.
  9284 | Bailey   | Noticed a soul eater
  9310 | Bailey   | Killed an orc high priest
  9607 | Bailey   | Became a worshipper of Warmaster Okawaru
  9652 | Bailey   | Reached skill level 10 in Polearms
 10190 | Bailey   | Reached * piety under Okawaru
 10423 | Bailey   | Got a jewelled cloak
 10434 | Bailey   | Identified the +1 cloak "Weamacwi" {SInv} (You found it in
                  | a bailey)
 10449 | D:9      | Found an iron altar of Okawaru.
 10531 | D:9      | Found an opulent altar of Gozag.
 10640 | D:9      | Found a shimmering blue altar of Sif Muna.
 10778 | D:9      | Killed Gargoyl's ghost
 10778 | D:9      | Reached XP level 11. HP: 83/101 MP: 8/10
 10788 | D:9      | Killed a two-headed ogre
 10788 | D:9      | Reached ** piety under Okawaru
 10877 | Lair:1   | Entered Level 1 of the Lair of Beasts
 11056 | Lair:1   | Noticed Gastronok
 11082 | Lair:1   | Killed Gastronok
 11082 | Lair:1   | Reached *** piety under Okawaru
 12318 | Lair:2   | Reached **** piety under Okawaru
 12337 | Lair:2   | Received a gift from Okawaru
 12524 | Lair:2   | Noticed Fannar
 12576 | Lair:2   | Killed Fannar
 13217 | Lair:3   | Found a staircase to the Shoals.
 13343 | Lair:3   | Received a gift from Okawaru
 13463 | Lair:3   | Reached XP level 12. HP: 99/112 MP: 11/11
 13745 | Lair:3   | Reached ***** piety under Okawaru
 14533 | Lair:4   | Found a hole to the Spider Nest.
 14564 | Lair:4   | Noticed Urug
 14586 | Lair:4   | Killed Urug
 14586 | Lair:4   | Received a gift from Okawaru
 14684 | Lair:4   | Acquired 1930 gold pieces
 14685 | Lair:4   | Acquired 1200 gold pieces
 14956 | Lair:4   | Noticed an eight-headed hydra
 14965 | Lair:4   | Killed an eight-headed hydra
 15177 | Lair:4   | You fall into a shaft and drop 1 floor!
 15748 | Lair:5   | Noticed a five-headed hydra
 15755 | Lair:5   | Killed a five-headed hydra
 15755 | Lair:5   | Reached XP level 13. HP: 49/122 MP: 9/12
 16146 | Lair:5   | Found a runed translucent gate.
 16146 | Lair:5   | Found a runed translucent gate.
 16146 | Lair:5   | Found a runed translucent gate.
 16147 | Lair:5   | Noticed Gassoqo's ghost (journeyman GrGl)
 17003 | Lair:5   | Mangled by Gassoqo's ghost

Illustrated notes

Levels and vault maps discovered:
D:1:      ncdulo_wetmaze, layout_basic
D:2:      layout_loops_ring, bloody_makhleb, trog_hazing_becter, uniq_natasha
D:3:      layout_basic, nicolae_tso_carved_into_rock, uniq_jessica
D:4:      cheibrodos_fertilizer, layout_loops_ring, kennysheep_mini_moat
D:5:      layout_rooms, nicolae_dithmenos_the_darkroom, zin_scriptorium,
          minmay_misc_feat_pillars, minmay_pentangle, uniq_eustachio,
          uniq_crazy_yiuf_cottage
D:6:      layout_basic, xom_butterflies, temple_green,
          nicolae_ossuary_entry_giza
D:7:      layout_basic, vehumet_altar_wand_db, serial_shops, shop_fountains,
          serial_bayou_pond_e, uniq_maggie
D:8:      minmay_blocky_corners, layout_basic, nicolae_qazlal_general_emergency,
          grunt_lair_entry_orc_guard_hut
D:9:      layout_long_grid, kennysheep_mini, nicolae_overflow_crystal_walls,
          lemuel_crystal_altar, slow_altar_2, lemuel_round_altar,
          gammafunk_ghost_smash, enter_bailey_6
Temple:   nicolae_temple_figure_zero
Lair:1:   layout_cave_pods, uniq_gastronok
Lair:2:   layout_roguey, grunt_megastairs_1, uniq_fannar
Lair:3:   layout_cave_pods, elwin_shoals_entry_rocks, serial_bayou_shore_a
Lair:4:   layout_regular_city, nicolae_spider_entry_non_spiders,
          serial_bayou_shore_b, uniq_urug
Lair:5:   layout_roguey [special_room_mythical_zoo], gammafunk_ghost_necromancy

Skill      XL: |  1  2  3  4  5  6  7  8  9 10 11 12 |
---------------+-------------------------------------+-----
Fighting       | 4 5 6 7 9 10 12 13 | 13.5
Armour         | 4 5 6 8 9 10 12 13 | 13.5
Shields        | 4 5 6 7 9 10 12 13 | 13.5
Polearms       | 3 4 5 6 7 9 10 11 13 | 13.2

Action                   |  1- 3 |  4- 6 |  7- 9 | 10-12 | 13-15 || total
-------------------------+-------+-------+-------+-------+-------++-------
Melee: Trident           |   100 |   193 |       |       |       ||   293
       Headbutt          |     9 |    26 |    46 |   200 |    24 ||   305
       Unarmed           |       |     1 |       |       |       ||     1
       Flail             |       |    32 |   294 |    46 |       ||   372
       Spear             |       |       |       |   957 |    80 ||  1037
Invok: Heroism           |       |       |       |     8 |     5 ||    13
       Finesse           |       |       |       |       |     3 ||     3
  Use: Scroll            |       |     2 |     4 |    29 |     2 ||    37
       Potion            |       |       |       |     5 |     3 ||     8
Armor: Scale mail        |    31 |    86 |   130 |   258 |    41 ||   546
       Skin              |       |     2 |       |       |       ||     2
Dodge: Dodged            |    32 |    69 |   126 |   187 |    17 ||   431
Block: Kite shield       |    39 |    90 |   203 |   383 |    32 ||   747

Table legend: (Time is in decaauts)
 A = Elapsed time spent in this place.
 B = Non-inter-level travel time spent in this place.
 C = Inter-level travel time spent in this place.
 D = Time resting spent in this place.
 E = Time spent auto-exploring this place.
 F = Levels seen in this place.
 G = Mean time per level.
                   A        B        C        D        E       F      G
               +--------+--------+--------+--------+--------+-----+--------+
         Total |  16774 |  16233 |    541 |   2450 |  11040 |  17 |  986.7 |
       Dungeon |   9212 |   8762 |    450 |   1018 |   6153 |   9 | 1023.6 |
        Temple |    117 |    107 |     10 |      0 |    107 |   1 |  117.0 |
          Lair |   5756 |   5675 |     81 |    934 |   3991 |   5 | 1151.2 |
       Ossuary |    388 |    388 |      0 |      0 |    257 |   1 |  388.0 |
        Bailey |   1299 |   1299 |      0 |    498 |    531 |   1 | 1299.0 |
               +--------+--------+--------+--------+--------+-----+--------+

Top non-repeatable levels by time:
  Lair:5: 1673 daAuts
     D:3: 1497 daAuts
     D:5: 1431 daAuts
  Lair:1: 1391 daAuts
  Bailey: 1299 daAuts
     D:8: 1155 daAuts
  Lair:3: 1140 daAuts
     D:4: 1048 daAuts
     D:7: 950 daAuts
  Lair:2: 858 daAuts
     D:2: 828 daAuts
     D:6: 790 daAuts
     D:1: 757 daAuts
     D:9: 752 daAuts
  Lair:4: 692 daAuts
